 Dungeon Crawl Stone Soup version 0.27.0-1-g7a089689b8 (webtiles) character file.

Game seed: 12120519679978882684

3 Sobieck the Grasshopper (level 1, -1/19 HPs)
             Began as a Naga Warper on Aug 5, 2021.
             Slain by a jackal (3 damage)
             ... on level 1 of the Dungeon.
             The game lasted 00:00:30 (55 turns).

Sobieck the Grasshopper (Naga Warper)                 Turns: 55, Time: 00:00:32

Health: -1/19      AC:  1    Str: 13    XL:     1   Next: 50%
Magic:  3/3        EV:  9    Int: 13    God:
Gold:   0          SH:  0    Dex: 10    Spells: 4/4 levels left

rFire    . . .     SeeInvis +   a - +0 hand axe {axe}
rCold    . . .     Faith    .   (no shield)
rNeg     . . .     Spirit   .   b - +0 leather armour
rPois    +         Reflect  .   (no helmet)
rElec    .         Harm     .   (no cloak)
rCorr    .         Rampage  .   (no gloves)
Will     .....                  (no barding)
Stlth    +.........             (no amulet)
HPRegen  0.06/turn              (no ring)
MPRegen  0.08/turn              (no ring)

@: very slow
A: AC +0, large, see invisible, deformed body, poison resistance, slowness 2,
spit poison 1, naga tail 1
a: Spit Poison


You were on level 1 of the Dungeon.
You visited 1 branch of the dungeon, and saw 1 of its levels.


Innate Abilities, Weirdness & Mutations

Your serpentine skin is tough. (AC +0)
You have supernaturally acute eyesight. (SInv)
Armour fits poorly on your strangely shaped body.
Your system is resistant to poisons. (rPois)
You cover ground very slowly.
You can spit poison.
You have a snake-like lower body.


   Skills:
 - Level 2.0 Fighting
 * Level 2.1 Axes
 - Level 0.8 Throwing
 - Level 0.7 Armour
 - Level 1.5 Dodging
 + Level 0.5 Stealth
 - Level 2.0 Spellcasting
 + Level 3.0 Translocations


You had 4 spell levels left.
You didn't know any spells.
Your spell library contained the following spells:

 Spells                   Type           Power      Damage    Failure   Level
 Blink                    Tloc           N/A        N/A       14%         2
 Gell's Gravitas          Tloc           4%         N/A       28%         3
 Lesser Beckoning         Tloc           4%         N/A       28%         3
 Teleport Other           Tloc           9%         N/A       28%         3
 Manifold Assault         Tloc           9%         N/A       95%         5

Inventory:

Hand Weapons
 a - a +0 hand axe (weapon) {axe}
Missiles
 d - 5 boomerangs of dispersal (quivered) {=f!fthrowing}
Armour
 b - a +0 leather armour (worn)
Scrolls
 c - a scroll of blinking {!r}

Dungeon Overview and Level Annotations

Branches:
Dungeon (1/15)

Altars:

!. .. ##.# ...
#h. #.# ##
####### #h# .#
#.....# ####@#
.# #.###.#
#....# .#
#.###.# #.####
.# #.....###.#
.# #.##......#
.#######.######
.........#
########## #


You could see 2 jackals.


Message History

You add the spells Blink, Lesser Beckoning, Gell's Gravitas, Teleport Other and Manifold Assault to your library. 🤖 Initializing magus.rc ... ✅ Successfully initialized magus_sobieck.rc [v0.0.2] Welcome, Sobieck the Naga Warper.
It is said that the Orb of Zot exists deep within this dungeon.
Press ? for a list of commands and other information.
Found two stairs.
Setting a skill training target for Axes at 14.0.
A frilled lizard comes into view.
The frilled lizard hisses angrily.
Danger!
The frilled lizard bites you but does no damage.
You barely miss the frilled lizard. The frilled lizard misses you.
You miss the frilled lizard. The frilled lizard barely misses you.
You hit the frilled lizard.
You kill the frilled lizard!
No target in view!
A jackal comes into view.
The jackal barks!
You hear a bark!
A jackal comes into view.
The jackal moves out of view.
Danger!
A jackal comes into view.
The jackal barely misses you.
You closely miss the jackal. The jackal completely misses you.
You barely miss the jackal. The jackal bites you.
The jackal bites you but does no damage.
You barely miss the jackal. The jackal bites you.
The jackal completely misses you.
A jackal comes into view.
You closely miss the jackal.
The jackal barks!
The jackal bites you.
You are too injured to fight recklessly!
You are too injured to fight recklessly!
Unknown command.
You barely miss the jackal. The jackal bites you. x2
You completely miss the jackal. The jackal barely misses you. x2
You barely miss the jackal. The jackal bites you.
* * * LOW HITPOINT WARNING * * *
Unknown command.
You completely miss the jackal. The jackal bites you.
* * * LOW HITPOINT WARNING * * *
The jackal bites you.
* * * LOW HITPOINT WARNING * * *
Unknown command.
You hit the jackal.
You kill the jackal!
You hit the jackal. The jackal closely misses you. The jackal bites you.
* * * LOW HITPOINT WARNING * * *
You closely miss the jackal. The jackal barely misses you.
The jackal bites you.
* * * LOW HITPOINT WARNING * * *
Unknown command.
You closely miss the jackal. The jackal bites you.
* * * LOW HITPOINT WARNING * * *
Unknown command.
You hit the jackal.
You kill the jackal!
Your leather armour prevents you from hitting the jackal.
The jackal bites you.
* * * LOW HITPOINT WARNING * * *
The jackal bites you but does no damage.
Unknown command.
You barely miss the jackal.
The jackal barks!
The jackal bites you.
You die...

Action                   || total
-------------------------++-------
Melee: Hand axe          ||    18
Armor: Leather armour    ||     3
Dodge: Dodged            ||     9

Levels and vault maps discovered:
D:1:      nzn_arrival_water_spiral, layout_basic,
          shapermc_ecumenical_altar_mp_vishouse, minmay_pentomino_q4

Notes
Turn   | Place    | Note
-------+----------+-------------------------------------------
     0 | D:1      | Sobieck the Naga Warper began the quest for the Orb.
     0 | D:1      | Reached XP level 1. HP: 19/19 MP: 3/3
    51 | D:1      | HP: 4/19 [jackal (1)]
    55 | D:1      | Slain by a jackal

Vanquished Creatures
  2 jackals (D:1)
  A frilled lizard (D:1)
3 creatures vanquished.

Table legend:
 A = Non-vault XP
 B = Vault XP
 C = Vault XP percentage of total XP
 D = Non-vault monster count
 E = Vault monster count
 F = Vault count percentage of total count
                 A         B        C        D         E       F
            +---------+---------+-------+---------+---------+-------
      Total |       5 |       0 |   0.0 |       3 |       0 |   0.0
            +---------+---------+-------+---------+---------+-------
        D:1 |       5 |       0 |   0.0 |       3 |       0 |   0.0
            +---------+---------+-------+---------+---------+-------

Illustrated notes

Table legend:
 A = Kills in this place as a percentage of kills in entire the game.
 B = Kills by you in this place as a percentage of kills by you in the entire game.
 C = Kills by friends in this place as a percentage of kills by friends in the entire game.
 D = Other kills in this place as a percentage of other kills in the entire game.
 E = Experience gained in this place as a percentage of experience gained in the entire game.
 F = Experience gained in this place divided by the number of levels of this place that you have seen.
                   A       B       C       D       E      F
               +-------+-------+-------+-------+-------+----------------------
         Total | 100.0 | 100.0 |   N/A |   N/A | 100.0 |   5.0
       Dungeon | 100.0 | 100.0 |   N/A |   N/A | 100.0 |   5.0
               +-------+-------+-------+-------+-------+----------------------

Table legend: (Time is in decaauts)
 A = Elapsed time spent in this place.
 B = Non-inter-level travel time spent in this place.
 C = Inter-level travel time spent in this place.
 D = Time resting spent in this place.
 E = Time spent auto-exploring this place.
 F = Levels seen in this place.
 G = Mean time per level.
                   A        B        C        D        E       F      G
               +--------+--------+--------+--------+--------+-----+--------+
         Total |     73 |     73 |      0 |      0 |     46 |   1 |   73.0 |
       Dungeon |     73 |     73 |      0 |      0 |     46 |   1 |   73.0 |
               +--------+--------+--------+--------+--------+-----+--------+

Top non-repeatable levels by time:
     D:1: 73 daAuts
